 Dungeon Crawl Stone Soup version 0.26-a0-835-g8259106e14 (webtiles) character file.

Game seed: 5837802397606776454

121 Frask the Firebug (level 5, -9/38 HPs)
             Began as a Hill Orc Fire Elementalist on Nov 17, 2020.
             Mangled by an orc warrior
             ... wielding a +2 flail of holy wrath
              (25 damage)
             ... on level 3 of the Dungeon.
             The game lasted 00:17:58 (3809 turns).

Frask the Firebug (Hill Orc Fire Elementalist)      Turns: 3809, Time: 00:17:59

Health: -9/38      AC:  5    Str: 11    XL:     5   Next: 5%
Magic:  3/8        EV: 12    Int: 13    God:
Gold:   63         SH:  0    Dex: 12    Spells: 7/8 levels left

rFire    . . .     SeeInvis .   b - +1 short sword
rCold    . . .     Faith    .   (no shield)
rNeg     . . .     Spirit   .   a - +0 robe
rPois    .         Reflect  .   (no helmet)
rElec    .         Harm     .   (no cloak)
rCorr    .         Rampage  .   k - +0 pair of gloves
MR       .....                  (no boots)
Stlth    ++........             (no amulet)
HPRegen  0.12/turn              (no ring)
MPRegen  0.11/turn              (no ring)

@: no status effects
A: thin metallic scales 1, dopey 1
a: Convert to Beogh


You were on level 3 of the Dungeon.
You visited 1 branch of the dungeon, and saw 3 of its levels.

You collected 63 gold pieces.

Inventory:

Hand Weapons
 b - a +1 short sword (weapon)
Armour
 a - a +0 robe (worn)
 k - a +0 pair of gloves (worn)
Scrolls
 d - a scroll of enchant weapon
 e - a scroll of remove curse
 m - a scroll of identify {unknown}
Potions
 c - a potion of curing
 f - 2 potions of heal wounds {unknown}
 g - 2 potions of flight {unknown}
 h - a potion of magic {unknown}
 j - a potion of haste {unknown}


   Skills:
 + Level 0.7 Short Blades
 - Level 2.0 Dodging
 - Level 2.0 Stealth
 - Level 2.0 Spellcasting
 - Level 1.0 Conjurations
 * Level 5.3 Fire Magic


You had 7 spell levels left.
You knew the following spells:

 Your Spells              Type           Power        Failure   Level
a - Foxfire               Conj/Fire      #...         7%          1

Your spell library contained the following spells:

 Spells                   Type           Power        Failure   Level
 Conjure Flame            Conj/Fire      #.......     22%         3
 Inner Flame              Hex/Fire       #.......     26%         3
 Sticky Flame             Conj/Fire      #.......     56%         4
 Fireball                 Conj/Fire      #.........   89%         5


Dungeon Overview and Level Annotations

Branches:
Dungeon (3/15)

Altars:
Dithmenos
Makhleb
Ru


Innate Abilities, Weirdness & Mutations

You are partially covered in thin metallic scales. (AC +2)
You are dopey. (Int -2)


Message History

Casting: Foxfire (safe; 7% risk of failure)
Confirm with . or Enter, or press ? or * to list all spells.
You conjure some foxfire!
The foxfire hits the orc warrior but does no damage. x2
The orc warrior hits you with a +2 flail of holy wrath!
* * * LOW HITPOINT WARNING * * *
The foxfire hits the orc.
The orc is moderately wounded.
It was a potion of curing.
You feel better.
The foxfire hits the orc warrior but does no damage.
As you read the scroll labelled KUTOXZ VAET, it crumbles to dust.
The scroll dissolves into smoke.
It was a scroll of fog.
The orc hits you with a +0 hand axe. The orc warrior closely misses you.
The orc closely misses you.
As you read the scroll labelled EXTUTAICKA, it crumbles to dust.
The creatures around you are filled with an inner flame!
It was a scroll of immolation.
The orc hits you with a +0 hand axe.
The orc warrior hits you with a +2 flail of holy wrath!!
Ouch! That really hurt!
You die...

##.## #.#
#############.#.#####.###
#.........##.###.........
#.#######.##..#.##.......
#.# ##...#.#.###.#...##
#.# ##......#.# #.#.#...
#.# ##..§§§..#.###.#...##
#.# #...§§§.............#
#.###..§@§o..#.###.####†#
#......§oo.o.#o# #......#
#.##.........#.# ######.#
#.##..###.##.#.# #.#
#.##..###.##.#.# #.#
#.........##...# #.#
#.##..######.### #.#
#.##..#####.#.## #.#
#..........###.## ##.#


You could see an orc warrior (inner flame), an orc priest and 2 orcs.

Vanquished Creatures
  3 adders (D:2)
  3 worms
  4 dart slugs
  6 orcs (D:3)
  7 bats
  6 giant cockroaches
  10 goblins
  7 hobgoblins
  2 quokkas
  7 frilled lizards
  8 kobolds
  7 rats
70 creatures vanquished.

Vanquished Creatures (others)
  204 foxfires
  A plant (D:2)
205 creatures vanquished.

Grand Total: 275 creatures vanquished

Notes
Turn   | Place    | Note
-------+----------+-------------------------------------------
     0 | D:1      | Frask the Hill Orc Fire Elementalist began the quest for
                  | the Orb.
     0 | D:1      | Reached XP level 1. HP: 14/14 MP: 3/3
   476 | D:1      | Reached XP level 2. HP: 11/20 MP: 0/4
  1362 | D:1      | Gained mutation: You are dopey. (Int -2) [potion of
                  | mutation]
  1362 | D:1      | Gained mutation: You are partially covered in thin metallic
                  | scales. (AC +2) [potion of mutation]
  1637 | D:2      | Reached XP level 3. HP: 22/26 MP: 0/6
  1724 | D:2      | Reached skill level 4 in Fire Magic
  1857 | D:2      | Reached XP level 4. HP: 33/33 MP: 2/7
  2273 | D:2      | Found a burning altar of Makhleb.
  2615 | D:2      | Found a sacrificial altar of Ru.
  2762 | D:3      | Reached skill level 5 in Fire Magic
  2896 | D:3      | Found a shadowy altar of Dithmenos.
  3276 | D:3      | Reached XP level 5. HP: 38/38 MP: 0/8
  3595 | D:3      | Noticed an orc warrior
  3809 | D:3      | Mangled by an orc warrior

Illustrated notes

Levels and vault maps discovered:
D:1:      lemuel_arrival_river_bridge, layout_basic
D:2:      layout_rooms, nicolae_ru_the_path_less_chosen, marbit_many_paths
D:3:      layout_loops_ring, lemuel_zombie_altar_kikubaaqudgha,
          nicolae_dithmenos_shadow_blocks

Skill      XL: |  1  2  3  4 |
---------------+-------------+-----
Spellcasting   | 2 |  2.0
Dodging        | 2 |  2.0
Stealth        | 2 |  2.0
Fire Magic     | 4 5 |  5.3
Short Blades   | |  0.7
Conjurations   | |  1.0

Action                   |  1- 3 |  4- 6 || total
-------------------------+-------+-------++-------
Melee: Unarmed           |    20 |       ||    20
       Short sword       |    17 |    51 ||    68
 Cast: Foxfire           |    62 |    76 ||   138
  Use: Potion            |     1 |     1 ||     2
       Scroll            |       |     5 ||     5
 Stab: Sleeping          |       |     2 ||     2
Armor: Robe              |     9 |     9 ||    18
Dodge: Dodged            |    34 |    48 ||    82

Table legend: (Time is in decaauts)
 A = Elapsed time spent in this place.
 B = Non-inter-level travel time spent in this place.
 C = Inter-level travel time spent in this place.
 D = Time resting spent in this place.
 E = Time spent auto-exploring this place.
 F = Levels seen in this place.
 G = Mean time per level.
                   A        B        C        D        E       F      G
               +--------+--------+--------+--------+--------+-----+--------+
         Total |   3817 |   3779 |     38 |    329 |   2936 |   3 | 1272.3 |
       Dungeon |   3817 |   3779 |     38 |    329 |   2936 |   3 | 1272.3 |
               +--------+--------+--------+--------+--------+-----+--------+

Top non-repeatable levels by time:
     D:1: 1686 daAuts
     D:3: 1090 daAuts
     D:2: 1040 daAuts
